 Dungeon Crawl Stone Soup version 0.30.1-11-g7821555f0a (webtiles) character file.

Game seed: 5969476398602462093

6422 monsoonserge the Carver (level 10, -3/74 HPs)
             Began as a Demonspawn Warper on Dec 14, 2023.
             Was a Priest of Makhleb.
             Shot with an arrow by a centaur warrior (16 damage)
             ... on level 9 of the Dungeon.
             The game lasted 00:26:52 (6737 turns).

monsoonserge the Carver (Demonspawn Warper)         Turns: 6737, Time: 00:26:54

Health: -3/74      AC:  8    Str: 12    XL:     10   Next: 66%
Magic:  15/15      EV: 15    Int: 16    God:    Makhleb [***...]
Gold:   324        SH:  0    Dex: 15    Spells: 2/13 levels left

rFire   . . .        q - +7 Throatcutter {drain, coup de grace}
rCold   . . .        (no shield)
rNeg    . . .        M - +0 acid dragon scales
rPois   .            (helmet restricted)
rElec   .            (no cloak)
rCorr   +            D - +0 pair of gloves
SInv    .            (no boots)
Will    .....        h - amulet of the acrobat
Stlth   ++           Q - ring of wizardry
HPRegen 6.32/turn    (no ring)
MPRegen 0.14/turn

%: acrobat, wizardry (x1)
@: lethally poisoned (-3 -> -4), weakened
A: horns 2, repulsion field 1, ignite blood 2, powered by death 2
a: Renounce Religion, Minor Destruction, Lesser Servant of Makhleb


You were on level 9 of the Dungeon.
You worshipped Makhleb.
Makhleb was most pleased with you.
You visited 2 branches of the dungeon, and saw 10 of its levels.
You also visited: Ossuary.

You collected 520 gold pieces.
You spent 196 gold pieces at shops.

Inventory:

Hand Weapons
 k - a +1 sling of flaming
 q - the +7 Throatcutter (weapon) {drain, coup de grace}
   (You found it on level 2 of the Dungeon)
Missiles
 d - 7 boomerangs of dispersal
 g - 24 poisoned darts (quivered)
 l - 2 curare-tipped darts
 y - 5 boomerangs
Armour
 a - the +2 chain mail of Bicrearch {Regen+}
   (You found it on level 2 of the Dungeon)

   Regen:     It increases your rate of health regeneration.
 D - a +0 pair of gloves (worn)
 G - +0 ice dragon scales
 K - +0 steam dragon scales
 M - +0 acid dragon scales (worn)
Magical Staves
 e - a staff of poison
Jewellery
 h - an amulet of the acrobat (around neck)
 L - a ring of ice
 P - a ring of fire
 Q - a ring of wizardry (left hand)
Wands
 b - a wand of polymorph (8)
 s - a wand of flame (12)
 z - a wand of acid (18)
 C - a wand of iceblast (22)
 J - a wand of mindburst (6)
 N - a wand of digging (2)
Scrolls
 f - 2 scrolls of amnesia
 i - 3 scrolls of teleportation
 p - a scroll of fog {unknown}
 t - 3 scrolls of vulnerability
 x - a scroll of enchant weapon {unknown}
 A - 2 scrolls of poison {unknown}
 B - a scroll of butterflies {unknown}
 F - 2 scrolls of enchant armour {unknown}
 H - a scroll of identify {unknown}
 I - a scroll of fear {unknown}
Potions
 j - a potion of resistance {unknown}
 m - 3 potions of attraction {unknown}
 n - 6 potions of curing {unknown}
 o - 3 potions of might
 r - 4 potions of ambrosia {unknown}
 u - 3 potions of mutation {unknown}
 v - a potion of brilliance {unknown}
 w - a potion of degeneration {unknown}
 E - 3 potions of cancellation {unknown}
 O - a potion of haste {unknown}


   Skills:
 + Level 5.3 Fighting
 * Level 10.0 Long Blades
 - Level 1.7 Ranged Weapons
 + Level 2.1 Throwing
 + Level 5.6 Armour
 + Level 4.9 Dodging
 + Level 2.8 Stealth
 - Level 2.0 Spellcasting
 * Level 3.2 Translocations
 * Level 0.5 Air Magic
 + Level 7.5 Invocations
 + Level 1.4 Evocations


You had 2 spell levels left.
You knew the following spells:

 Your Spells              Type           Power      Damage    Failure   Level
a - Blink                 Tloc           22%        N/A       4%          2
b - Lesser Beckoning      Tloc           22%        N/A       4%          2
c - Vhi's Electric Charg  Tloc/Air       14%        N/A       16%         3
d - Manifold Assault      Tloc           11%        N/A       32%         4

Your spell library contained the following spells:

 Spells                   Type           Power      Damage    Failure   Level
 Freeze                   Ice            4%         1d3       12%         1
 Necrotise                Necr           4%         1d4       12%         1
 Sting                    Tmut/Pois      4%         1d3       12%         1
 Poisonous Vapours        Pois/Air       4%         N/A       16%         2
 Teleport Other           Tloc           11%        N/A       10%         3
 Frozen Ramparts          Ice            2%         1d1       32%         3
 Hailstorm                Conj/Ice       1%         3d3       32%         3
 Inner Flame              Hex/Fire       1%         N/A       32%         3
 Vampiric Draining        Necr           1%         2d6       32%         3
 Olgreb's Toxic Radiance  Pois           1%         N/A       71%         4
 Agony                    Necr           1%         N/A       96%         5
 Yara's Violent Unravell  Hex/Tmut       0%         3d3       96%         5
 Enfeeble                 Hex            0%         N/A       100%        7


Dungeon Overview and Level Annotations

Branches:
Dungeon (9/15)             Temple (1/1) D:7         Ossuary (visited)
   Lair: D:8-11         Orc: D:9-12

Altars:
Ashenzari
Cheibriados
Dithmenos
Fedhas
Kikubaaqudgha
Makhleb
Nemelex Xobeh
Qazlal
Trog
Uskayaw
Vehumet
Wu Jian
Xom
Yredelemnul

Shops:
D:1 (   D:2 (   D:6 *

Annotations:
D:4 3 runed translucent doors, auo's ghost, amateur DjCj
D:6 3 runed translucent doors, JumbleTraveling's ghost, novice GnCK; Okkudo's ghost, novice HOMo; turdburglar's ghost, novice KoBr


Innate Abilities, Weirdness & Mutations

You have a pair of horns on your head.
You are surrounded by a mild repulsion field. (EV +2)
Your demonic aura often causes spilled blood to erupt in flames.
You regenerate health from kills.


Message History

Your ufetubus barely misses the kobold brigand.
The kobold brigand hits you but does no damage.
An orc priest comes into view. It is wielding a +0 short sword.
The centaur warrior is engulfed in blazing flames.
The centaur warrior hits your ynoxinul!
Your ynoxinul dies!
Your ynoxinul disappears in a puff of smoke!
Your ufetubus disappears in a puff of smoke! x2
The orc priest moves out of view.
Unknown command.
You slash the kobold brigand!
You kill the kobold brigand!
Makhleb accepts your kill.
You feel better.
You feel very sick.
The gnoll sergeant hits you from afar with a +0 spear of venom.
You are more poisoned.
The centaur warrior is engulfed in blazing flames.
The centaur warrior wields a +0 longbow.
The centaur warrior shoots an arrow.
The arrow hits you!
The orc priest looks encouraged for a moment.
The orc warrior hits you from afar with a +0 glaive!!
* * * LOW HITPOINT WARNING * * *
Okay, then.
A demon appears!
You feel very sick.
The centaur warrior is engulfed in blazing flames.
The centaur warrior shoots an arrow.
The arrow hits you.
* * * LOW HITPOINT WARNING * * *
The gnoll sergeant closely misses you. The orc warrior misses you.
The orc priest calls down the wrath of Beogh upon you.
Pain shoots through your body!
* * * LOW HITPOINT WARNING * * *
Blink to where?
Press: ? - help, Dir - move target
As you read the scroll of blinking, it crumbles to dust.
You feel very sick.
The centaur warrior is engulfed in blazing flames.
The centaur warrior shoots an arrow.
The arrow hits you!
You die...

.~≈~ P≈≈###+# #....#
.~≈#...#############''''#########
.~≈#.og#...............o.........
.~~#####~~~~~~~~~~≈≈....~~~~~~≈≈~
.~≈~~≈≈≈≈~~≈≈~≈≈≈≈≈~..KK~~≈≈≈≈≈≈≈
.~~~~≈≈~~~~~~~~≈~~~~ooo°~§≈≈≈~~≈~
..P...).))...[........cg§.§......
##....)..#......@.....§.§#..h....
.........#.........)4.○○.#.......
.........#################.......
..######## ######## ..# #.# #.#
#.# #.#


You could see a centaur warrior, a kobold demonologist, 2 orc warriors, a kobold
brigand, a gnoll sergeant (swift), 2 orc priests and a friendly hellwing
(summoned).

Vanquished Creatures
  A boulder beetle (D:7)
  A deep elf pyromancer (D:7)
  A cyclops (D:7)
  Joseph (D:8)
  Grinder (D:6)
  3 trolls
  2 steam dragons
  Grum (D:8)
  4 wargs (D:9)
  2 water moccasins
  An acid dragon (D:8)
  2 orc warriors
  A black bear (D:6)
  2 ice beasts
  An ogre (D:5)
  2 wolves
  2 centaurs
  A kobold brigand (D:9)
  4 bullfrogs
  2 scorpions
  3 killer bees (D:7)
  5 howler monkeys
  3 hounds
  A human zombie (Ossuary)
  2 jellies
  3 orc priests
  3 gnoll boudas (D:9)
  Jessica (D:2)
  3 iguanas
  Ijyb (D:3)
  A sleepcap (D:8)
  6 orc wizards
  Terence (D:2)
  4 hound zombies (Ossuary)
  3 mummies (Ossuary)
  5 adders
  3 white imps
  2 ufetubi
  4 adder zombies (Ossuary)
  A worm (D:2)
  2 dart slugs
  36 orcs
  2 ball pythons
  3 endoplasms
  4 giant cockroaches
  A gnoll zombie (Ossuary)
  7 goblins
  4 hobgoblins
  3 quokkas (D:3)
  5 bats
  A frilled lizard (D:2)
  3 goblin zombies (Ossuary)
  5 hobgoblin zombies (Ossuary)
  3 jackal zombies (Ossuary)
  6 kobolds
  5 kobold zombies (Ossuary)
  An orc zombie (Ossuary)
  5 quokka zombies (Ossuary)
  7 rats
  4 rat zombies (Ossuary)
  A butterfly (D:7)
198 creatures vanquished.

Vanquished Creatures (others)
  A wyvern (D:8)
1 creature vanquished.

Grand Total: 199 creatures vanquished

Notes
Turn   | Place    | Note
-------+----------+-------------------------------------------
     0 | D:1      | monsoonserge the Demonspawn Warper began the quest for the
                  | Orb.
     0 | D:1      | Reached XP level 1. HP: 16/16 MP: 3/3
   339 | D:1      | Reached skill level 2 in Long Blades
   339 | D:1      | Gained mutation: You have a pair of small horns on your
                  | head. [demonic ancestry]
   339 | D:1      | Reached XP level 2. HP: 20/22 MP: 5/5
   402 | D:1      | Learned a level 2 spell: Blink
   412 | D:1      | Reached skill level 1 in Armour
   437 | D:1      | Found a faded altar of an unknown god.
   488 | D:1      | Reached skill level 1 in Throwing
   547 | D:1      | Found Vaobbalo's Weapon Shoppe.
  1071 | D:2      | Noticed Terence
  1076 | D:2      | Killed Terence
  1077 | D:2      | Reached skill level 1 in Ranged Weapons
  1077 | D:2      | Gained mutation: You regenerate a little health from kills.
                  | [demonic ancestry]
  1077 | D:2      | Reached XP level 3. HP: 28/28 MP: 6/6
  1144 | D:2      | Found the +7 Throatcutter {drain, coup de grace}
  1149 | D:2      | Noticed Jessica
  1158 | D:2      | Killed Jessica
  1159 | D:2      | Gained mutation: You have a pair of horns on your head.
                  | [demonic ancestry]
  1159 | D:2      | Reached XP level 4. HP: 27/34 MP: 7/7
  1358 | D:2      | Identified the +2 chain mail of Bicrearch {Regen+}
  1483 | D:2      | Found Pomaugop's Antique Weapon Emporium.
  1759 | D:3      | Noticed Ijyb
  1763 | D:3      | Killed Ijyb
  2232 | D:3      | Found a hide-covered altar of Uskayaw.
  2326 | D:4      | Gained mutation: You regenerate health from kills. [demonic
                  | ancestry]
  2326 | D:4      | Reached XP level 5. HP: 39/39 MP: 8/8
  2426 | D:4      | Found a large runed translucent door.
  2430 | D:4      | Found a large runed translucent door.
  2513 | D:4      | Found a runed translucent gate.
  2513 | D:4      | Noticed auo's ghost (amateur DjCj)
  2514 | D:4      | Found a runed translucent gate.
  2514 | D:4      | Identified the +1 plate armour of Integrity {+Inv Will+
                  | Int-4 Slay+3}
  2514 | D:4      | Noticed an orc warrior
  2515 | D:4      | Found a runed translucent gate.
  2515 | D:4      | Identified the +3 sling of Famine {heavy, rElec rC+++ Will-
                  | Int+3}
  2598 | D:4      | Found a shadowy altar of Dithmenos.
  2848 | D:4      | Found a burning altar of Makhleb.
  2858 | D:4      | Found a blossoming altar of Fedhas.
  2873 | D:4      | Became a worshipper of Makhleb the Destroyer
  2897 | D:5      | Entered Level 5 of the Dungeon
  2965 | D:5      | Noticed an ogre
  2971 | D:5      | Killed an ogre
  2972 | D:5      | Reached skill level 3 in Long Blades
  2972 | D:5      | Reached skill level 1 in Invocations
  2972 | D:5      | Reached skill level 1 in Evocations
  2972 | D:5      | Gained mutation: Your demonic aura sometimes causes spilled
                  | blood to erupt in flames. [demonic ancestry]
  2972 | D:5      | Reached XP level 6. HP: 46/46 MP: 9/9
  2973 | D:5      | Noticed an ice beast
  2986 | D:5      | Killed an ice beast
  3224 | D:6      | Noticed an orc warrior
  3262 | D:6      | Noticed an ice beast
  3267 | D:6      | Killed an ice beast
  3268 | D:6      | Reached XP level 7. HP: 52/52 MP: 10/10
  3287 | D:6      | Reached skill level 4 in Long Blades
  3301 | D:6      | Noticed Grinder
  3309 | D:6      | Killed Grinder
  3408 | D:6      | Found a sand-covered staircase.
  3417 | D:6      | Reached XP level 8. HP: 47/58 MP: 11/11
  3424 | D:6      | Learned a level 2 spell: Lesser Beckoning
  3428 | Ossuary  | Entered an ossuary
  3462 | Ossuary  | Reached * piety under Makhleb
  3480 | Ossuary  | Reached skill level 5 in Long Blades
  3620 | Ossuary  | Reached ** piety under Makhleb
  3939 | D:6      | Found a sparkling altar of Nemelex Xobeh.
  3947 | D:6      | Found Hesoylune's Assorted Antiques.
  3964 | D:6      | Bought a scroll labelled QUMOXA WONG for 28 gold pieces
  3964 | D:6      | Bought a scroll labelled EFOTUX CUETOTI for 28 gold pieces
  3964 | D:6      | Bought a scroll labelled NUURYUM XASU for 28 gold pieces
  3964 | D:6      | Bought an ivory wand for 112 gold pieces
  4101 | D:6      | Reached skill level 6 in Long Blades
  4105 | D:6      | Found a runed translucent gate.
  4105 | D:6      | Found a runed translucent gate.
  4105 | D:6      | Found a runed translucent gate.
  4106 | D:6      | Noticed Okkudo's ghost (novice HOMo)
  4106 | D:6      | Noticed JumbleTraveling's ghost (novice GnCK)
  4106 | D:6      | Noticed turdburglar's ghost (novice KoBr)
  4408 | D:7      | Reached skill level 5 in Invocations
  4548 | D:7      | Noticed a deep elf pyromancer
  4557 | D:7      | Killed a deep elf pyromancer
  4558 | D:7      | Reached skill level 7 in Long Blades
  4558 | D:7      | Reached skill level 1 in Stealth
  4558 | D:7      | Gained mutation: Your demonic aura often causes spilled
                  | blood to erupt in flames. [demonic ancestry]
  4558 | D:7      | Reached XP level 9. HP: 65/65 MP: 11/13
  4596 | D:7      | Noticed a cyclops
  4601 | D:7      | Killed a cyclops
  4738 | D:7      | Reached skill level 5 in Armour
  4738 | D:7      | Found a staircase to the Ecumenical Temple.
  4754 | D:7      | Reached skill level 8 in Long Blades
  4762 | Temple   | Entered the Ecumenical Temple
  5250 | D:7      | Noticed a boulder beetle
  5265 | D:7      | Killed a boulder beetle
  5265 | D:7      | Reached *** piety under Makhleb
  5386 | D:7      | Noticed a troll
  5389 | D:7      | Killed a troll
  5765 | D:8      | Noticed Grum
  5768 | D:8      | Noticed Joseph
  5774 | D:7      | Gained mutation: You are surrounded by a mild repulsion
                  | field. (EV +2) [demonic ancestry]
  5774 | D:7      | Reached XP level 10. HP: 73/73 MP: 15/15
  5824 | D:8      | Reached skill level 9 in Long Blades
  6066 | D:8      | Killed Grum
  6135 | D:8      | Killed Joseph
  6665 | D:9      | Reached skill level 5 in Fighting
  6699 | D:9      | Learned a level 3 spell: Vhi's Electric Charge
  6704 | D:9      | Learned a level 4 spell: Manifold Assault
  6729 | D:9      | Reached skill level 10 in Long Blades
  6729 | D:9      | Noticed a centaur warrior
  6737 | D:9      | Shot with an arrow by a centaur warrior

Illustrated notes

Levels and vault maps discovered:
D:1:      evilmike_arrival_hilbert_curve, layout_loops_ring,
          hellmonk_ecumenical_altar_heavens_door, serial_shops, shop,
          chequers_big_river
D:2:      layout_loops_ring, serial_shops, shop, minmay_pentomino_w4,
          uniq_jessica, uniq_terence
D:3:      layout_loops_ring, marbit_many_paths, uniq_ijyb
D:4:      layout_cave_pools, jmf_multi_god_temple2,
          nicolae_dithmenos_through_a_glass_darkly, biasface_ghost_orc_armoury
D:5:      layout_gridville, nicolae_overflow_crystal_walls
D:6:      layout_cave_pools, mainiacjoe_overflow_small_starburst,
          enter_ossuary_2, gammafunk_ghost_cemetery, serial_shops, shop,
          uniq_grinder
D:7:      layout_basic, nicolae_elyvilon_temple_path,
          minmay_temple_entry_butterflies, kennysheep_cross_room, kb_rosetta
D:8:      layout_basic, nrook_uturn, uniq_grum, uniq_joseph
D:9:      lemuel_castle_with_subvaults [lemuel_castle_interior_original],
          layout_stronghold, gammafunk_temple_overflow_claw,
          kennysheep_orc_monster_closet_entryway
Temple:   chequers_temple_sunken

Skill      XL: |  1  2  3  4  5  6  7  8  9 10 |
---------------+-------------------------------+-----
Long Blades    | 2 3 4 7 8 10 | 10.0
Armour         | 1 2 3 4 5 |  5.6
Throwing       | 1 2 |  2.1
Ranged Weapons | 1 |  1.7
Dodging        | 2 3 4 |  4.9
Translocations | 3 |  3.2
Invocations    | 1 2 4 5 6 7 |  7.5
Evocations     | 1 |  1.4
Fighting       | 3 4 5 |  5.3
Stealth        | 1 2 |  2.8
Spellcasting   | |  2.0
Air Magic      | |  0.5

Action                     |  1- 3 |  4- 6 |  7- 9 | 10-12 || total
---------------------------+-------+-------+-------+-------++-------
  Melee: Falchion          |    36 |       |       |       ||    36
         Headbutt          |     2 |     7 |    32 |    12 ||    53
         Long sword        |     3 |    77 |   204 |    70 ||   354
         Punch             |       |       |     4 |     1 ||     5
   Fire: Sling             |    35 |       |       |       ||    35
  Throw: Dart              |     1 |     5 |     8 |     1 ||    15
 Invoke: Minor Destruction |       |       |       |    10 ||    10
         Lesser Servant of |       |       |       |     2 ||     2
  Evoke: Wand              |       |     8 |       |       ||     8
    Use: Scroll            |       |     1 |     2 |     1 ||     4
   Stab: Sleeping          |       |       |     1 |     2 ||     3
 Armour: Leather armour    |     9 |       |       |       ||     9
         Ring mail         |    20 |    22 |    46 |       ||    88
         Steam dragon scal |       |       |    11 |     1 ||    12
         Acid dragon scale |       |       |       |    15 ||    15
  Dodge: Dodged            |    46 |    46 |   140 |    65 ||   297
